 Dungeon Crawl Stone Soup version 0.28.0-43-g3370ac3207 (webtiles) character file.

Game seed: 1880806386797521464

109 protoss039 the Magician (level 5, -6/38 HPs)
             Began as a Djinni Fire Elementalist on Mar 24, 2022.
             Killed by an exploding fgae53's ghost (10 damage)
             ... ignited by their inner flame
             ... on level 3 of the Dungeon.
             The game lasted 00:04:58 (4123 turns).

protoss039 the Magician (Djinni Fire Elementalist)  Turns: 4123, Time: 00:04:59

Health: -6/38      AC:  2    Str:  5 (7)  XL:     5   Next: 13%
Gold:   178        EV: 12    Int: 16 (18) God:
                   SH:  0    Dex: 13 (14)

rFire   + + .      SeeInvis .   c - +0 short sword (chaos)
rCold   x . .      Faith    .   (no shield)
rNeg    . . .      Spirit   .   a - +0 robe
rPois   ∞          Reflect  .   (no helmet)
rElec   .          Harm     .   (no cloak)
rCorr   .          Rampage  .   (no gloves)
Will    .....                   (boots unavailable)
Stlth   ++........              (no amulet)
HPRegen 0.12/turn               (no ring)
MPRegen 0.00/turn               (no ring)

@: mighty, brilliant, flying, slowed, very slow
A: sickness immunity, fire resistance 2, cold vulnerability 1, float, innate
caster, HP casting, extra vitality 1
a: no special abilities


You were on level 3 of the Dungeon.
You visited 1 branch of the dungeon, and saw 3 of its levels.

You collected 200 gold pieces.
You spent 22 gold pieces at shops.

Inventory:

Hand Weapons
 c - a +0 short sword of chaos (weapon)
Armour
 a - a +0 robe (worn)
Scrolls
 d - a scroll of brand weapon
Potions
 k - a potion of magic {unknown}
 l - a potion of cancellation {unknown}


   Skills:
 * Level 2.0 Fighting
 - Level 3.0 Dodging
 * Level 2.7 Stealth
 - Level 3.0 Spellcasting


You couldn't memorise any spells.
You knew the following spells:

 Your Spells              Type           Power      Damage    Failure   Level
a - Foxfire               Conj/Fire      72%        2x1d7     5%          1
b - Scorch                Fire           36%        2d7       9%          2
c - Conjure Flame         Conj/Fire      18%        6-21      16%         3
d - Inner Flame           Hex/Fire       18%        N/A       16%         3
e - Flame Wave            Conj/Fire      18%        2d6       47%         4
f - Sting                 Tmut/Pois      72%        1d6       5%          1
g - Wereblood             Tmut           18%        N/A       9%          2
Your spell library was empty.

Dungeon Overview and Level Annotations

Branches:
Dungeon (3/15)

Altars:
Qazlal

Shops:
D:3 *

Annotations:
D:3 1 runed translucent door


Innate Abilities, Weirdness & Mutations

You are immune to sickness and miasma.
You are immune to poison.
Your flesh is very heat resistant. (rF++)
You are vulnerable to cold. (rC-)
You float through the air rather than walking.
You learn spells naturally, not from books.
Your magical power is your life essence.
You have superior vitality. (+4 MHP)


Message History

Unknown command.
It was a potion of brilliance.
You feel clever all of a sudden.
Fgae53's ghost hits you but does no damage.
Unknown command.
Unknown command.
Your primal bloodlust has ended.
Fgae53's ghost points at you and mumbles some strange words.
You resist with some effort.
Unknown command.
Okay, then.
It was a potion of degeneration.
There was something very wrong with that liquid.
You feel weakened.
You feel dopey.
You feel clumsy. Fgae53's ghost hits you. Fgae53's ghost hits you.
* * * LOW HITPOINT WARNING * * *
Unknown command.
It was a potion of might.
You feel very mighty all of a sudden. Fgae53's ghost hits you.
* * * LOW HITPOINT WARNING * * *
Unknown command.
Unknown command.
Fgae53's ghost barely misses you.
Unknown command.
You hit fgae53's ghost.
Flame seeps out of fgae53's ghost.
Fgae53's ghost's magic leaks into the air.
Fgae53's ghost is heavily damaged.
Fgae53's ghost is engulfed in blazing flames.
Flame seeps out of fgae53's ghost.
Fgae53's ghost casts a spell at you. You resist with some effort.
Fgae53's ghost is engulfed in blazing flames.
Flame seeps out of fgae53's ghost.
Fgae53's ghost hits you but does no damage.
You puncture fgae53's ghost! You burn fgae53's ghost.
Fgae53's ghost explodes!
The fiery explosion engulfs you! You resist.
You die...

...).####
##...#..........#
####..# #.####.........#
##.## ###.##...........#
#..# #........###.#####
##[.####.####.### #.#
####........##...# #.#
......#####.##.#######.#
.....## ###.#.§##......#
#.#..# #.....§°@.######
.(..## #.....#####
.....# #.....# .....#
#....## .....# #..###
[....# #..#
.....####..###
.............#
.............#


There were no monsters in sight!

Vanquished Creatures
  The ghost of fgae53 the Charlatan, an amateur GnWn (D:3)
  An orc wizard (D:3)
  An adder (D:2)
  2 river rats (D:3)
  A dart slug (D:2)
  6 orcs (D:3)
  2 endoplasms
  3 giant cockroaches
  7 goblins
  4 hobgoblins
  3 kobolds
  4 quokkas
  3 ball pythons
  A bat (D:2)
  5 frilled lizards
  5 rats
49 creatures vanquished.

Vanquished Creatures (others)
  176 foxfires
176 creatures vanquished.

Grand Total: 225 creatures vanquished

Notes
Turn   | Place    | Note
-------+----------+-------------------------------------------
     0 | D:1      | protoss039 the Djinni Fire Elementalist began the quest for
                  | the Orb.
     0 | D:1      | Reached XP level 1. HP: 15/15 MP: 0/0
   398 | D:1      | Reached XP level 2. HP: 14/22 MP: 0/0
  1088 | D:1      | Found a faded altar of an unknown god.
  2178 | D:2      | Reached XP level 3. HP: 22/26 MP: 0/0
  2178 | D:2      | Learned a level 1 spell: Sting
  2460 | D:2      | Reached skill level 1 in Fighting
  2982 | D:3      | Reached XP level 4. HP: 15/32 MP: 0/0
  3570 | D:3      | Found a stormy altar of Qazlal.
  3715 | D:3      | Found Joul's General Store.
  3724 | D:3      | Bought a scroll of identify for 22 gold pieces
  3751 | D:3      | Found a runed translucent door.
  3761 | D:3      | Noticed fgae53's ghost (amateur GnWn)
  3822 | D:3      | Found a runed translucent door.
  4074 | D:3      | Reached XP level 5. HP: 29/38 MP: 0/0
  4074 | D:3      | Learned a level 2 spell: Wereblood
  4123 | D:3      | Killed fgae53's ghost
  4123 | D:3      | Killed by an exploding fgae53's ghost... ignited by their
                  | inner flame

Illustrated notes

Levels and vault maps discovered:
D:1:      shiori_arrival_maze, layout_basic, hellmonk_ecumenical_altar_zigzags,
          minmay_tromino_v2
D:2:      layout_loops_cross, minmay_misc_feat_doors
D:3:      layout_rooms, nicolae_qazlal_general_emergency, serial_shops,
          nicolae_shop_window_shopping, ebering_ghost_sewer_f,
          minmay_misc_feat_x, kennysheep_generic_room_5

Skill      XL: |  1  2  3  4  5 |
---------------+----------------+-----
Spellcasting   | 3 |  3.0
Fighting       | 1 2 |  2.0
Stealth        | 2 |  2.7
Dodging        | 3 |  3.0

Action                   |  1- 3 |  4- 6 || total
-------------------------+-------+-------++-------
Melee: Unarmed           |     1 |       ||     1
       Short sword       |    18 |     7 ||    25
 Cast: Foxfire           |    55 |    48 ||   103
       Scorch            |     3 |    10 ||    13
       Sting             |       |     1 ||     1
       Wereblood         |       |     1 ||     1
  Use: Scroll            |       |     4 ||     4
       Potion            |       |     6 ||     6
 Stab: Sleeping          |     2 |       ||     2
Armor: Robe              |    10 |     3 ||    13
Dodge: Dodged            |    27 |    19 ||    46
